 Dungeon Crawl Stone Soup version 0.30-a0-458-g86641cc369 (webtiles) character file.

Game seed: 15245026004283030272

136 Ijustatesigmund the Magician (level 5, 0/40 HPs)
             Began as a Djinni Fire Elementalist on Dec 14, 2022.
             Slain by an ice beast (21 damage)
             ... on level 4 of the Dungeon.
             The game lasted 00:07:34 (2981 turns).

Ijustatesigmund the Magician (DjFE)                 Turns: 2981, Time: 00:07:36

Health: 0/40       AC:  5    Str:  7    XL:     5   Next: 43%
Gold:   155        EV: 12    Int: 19    God:
                   SH:  0    Dex: 13

rFire   + + .      SeeInvis .    b - +1 dagger (elec)
rCold   x . .      Faith    .    (no shield)
rNeg    . . .      Spirit   .    a - +0 robe
rPois   ∞          Reflect  .    g - +1 helmet
rElec   .          Harm     .    (no cloak)
rCorr   .          Rampage  .    n - +0 pair of gloves
Will    .....                    (boots unavailable)
Stlth   ++........               (no amulet)
HPRegen 0.26/turn                (no ring)
MPRegen 0.00/turn                (no ring)

@: flying
A: sickness immunity, fire resistance 2, cold vulnerability 1, float, innate
caster, HP casting, extra vitality 1
a: no special abilities


You were on level 4 of the Dungeon.
You visited 1 branch of the dungeon, and saw 4 of its levels.

You collected 220 gold pieces.
You spent 65 gold pieces at shops.

Inventory:

Hand Weapons
 b - a +1 dagger of electrocution (weapon)
Armour
 a - a +0 robe (worn)
 g - a +1 helmet (worn)
 n - a +0 pair of gloves (worn)
Scrolls
 c - a scroll of magic mapping {unknown}
 e - a scroll of teleportation
 j - a scroll of immolation
 o - a scroll of blinking {unknown}
 r - a scroll of identify
Potions
 d - a potion of haste
 f - 3 potions of might {unknown}
 h - a potion of invisibility {unknown}
 i - 3 potions of heal wounds
 k - a potion of ambrosia {unknown}
 l - a potion of brilliance {unknown}
 m - a potion of lignification {unknown}
 p - a potion of curing {unknown}
 q - a potion of mutation {unknown}
 s - a potion of attraction {unknown}


   Skills:
 + Level 3.2 Fighting
 - Level 2.1 Dodging
 - Level 1.5 Stealth
 + Level 3.5 Spellcasting


You couldn't memorise any spells.
You knew the following spells:

 Your Spells              Type           Power      Damage    Failure   Level
a - Foxfire               Conj/Fire      64%        2x1d7     3%          1
b - Scorch                Fire           32%        2d7       4%          2
c - Kindle Blastsparks    Fire/Tloc/Air  32%        2d12      10%         3
d - Inner Flame           Hex/Fire       16%        N/A       10%         3
e - Flame Wave            Conj/Fire      16%        2d7       32%         4
f - Apportation           Tloc           32%        N/A       3%          1
g - Poisonous Vapours     Pois/Air       32%        N/A       4%          2
Your spell library was empty.

Dungeon Overview and Level Annotations

Branches:
Dungeon (4/15)
 Temple: D:4-7

Altars:
Elyvilon
Trog

Shops:
D:1 ?   D:2 ![*


Innate Abilities, Weirdness & Mutations

You are immune to sickness and miasma.
You are immune to poison.
Your flesh is very heat resistant. (rF++)
You are vulnerable to cold. (rC-)
You float through the air rather than walking.
You learn spells naturally, not from books.
Your magical power is your life essence.
You have superior vitality. (+4 MHP)


Message History

Casting: Foxfire (safe; 3% risk of failure)
Confirm with . or Enter, or press ? or * to list all spells.
You conjure some foxfire!
Casting: Foxfire (safe; 3% risk of failure)
Confirm with . or Enter, or press ? or * to list all spells.
You conjure some foxfire!
The foxfire hits the endoplasm.
The endoplasm is almost dead.
The foxfire hits the endoplasm!
You kill the endoplasm!
Found a stone staircase leading up.
There is a stone staircase leading up here.
An ice beast comes into view.
Casting: Foxfire (safe; 3% risk of failure)
Confirm with . or Enter, or press ? or * to list all spells.
You can't see any susceptible monsters within range! (Use Z to cast anyway.)
Casting: Foxfire (safe; 3% risk of failure)
Confirm with . or Enter, or press ? or * to list all spells.
You conjure some foxfire!
The foxfire hits the ice beast.
The ice beast melts!
The ice beast is lightly wounded.
Casting: Foxfire (safe; 3% risk of failure)
Confirm with . or Enter, or press ? or * to list all spells.
Flames lash the ice beast.
The ice beast melts!
The ice beast is moderately wounded.
The ice beast's fire resistance burns away.
The ice beast barely misses you.
Casting: Scorch (safe; 4% risk of failure)
Confirm with . or Enter, or press ? or * to list all spells.
Flames lash the ice beast.
The ice beast melts!
The ice beast is severely wounded.
The ice beast hits you. The ice beast freezes you!
You feel a terrible chill! The ice beast closely misses you.
A jelly comes into view.
Casting: Scorch (safe; 4% risk of failure)
Confirm with . or Enter, or press ? or * to list all spells.
Flames lash the ice beast.
The ice beast is severely wounded.
The ice beast hits you. The ice beast freezes you!!
You feel a terrible chill!
Ouch! That really hurt!
You die...

######### #.# #.#
##.# ####
#.<######## #...#
#.#........# .....#
#.###.##.....
......#.# ##.##.#.#
.......## ##...#
.......@## ##.####
......Y#.###.##
......###.#..#####.
.....# ##.........#
#...# ##.########
##.# #+# J.. ##


You could see an ice beast (combustible) and a jelly.

Vanquished Creatures
  Jessica (D:3)
  3 adders
  3 worms
  4 dart slugs
  An orc (D:4)
  4 ball pythons
  11 endoplasms
  A giant cockroach (D:2)
  6 hobgoblins
  A quokka (D:3)
  4 bats
  3 frilled lizards
  9 goblins
  8 kobolds
  5 rats
64 creatures vanquished.

Vanquished Creatures (others)
  186 foxfires
186 creatures vanquished.

Grand Total: 250 creatures vanquished

Notes
Turn   | Place    | Note
-------+----------+-------------------------------------------
     0 | D:1      | Ijustatesigmund the Djinni Fire Elementalist began the
                  | quest for the Orb.
     0 | D:1      | Ijustatesigmund set off with the following spells
                  | memorised: Foxfire, Scorch, Kindle Blastsparks, Inner
                  | Flame, Flame Wave.
     0 | D:1      | Reached XP level 1. HP: 15/15 MP: 0/0
    12 | D:1      | Found a faded altar of an unknown god.
    12 | D:1      | Found Opuex's Magic Scroll Emporium.
    72 | D:1      | Reached XP level 2. HP: 21/22 MP: 0/0
   128 | D:1      | Reached skill level 1 in Fighting
   268 | D:1      | Reached XP level 3. HP: 26/27 MP: 0/0
   268 | D:1      | Learned a level 1 spell: Apportation
   769 | D:2      | Found Rulaz Fue's General Store.
   982 | D:2      | Found Ycuucuef's Antique Armour Boutique.
  1095 | D:2      | Found Ollaunn's Distillery.
  1104 | D:2      | Bought a potion of heal wounds for 65 gold pieces
  1281 | D:2      | Reached XP level 4. HP: 30/33 MP: 0/0
  1296 | D:2      | Found a white marble altar of Elyvilon.
  1632 | D:3      | Found a bloodstained altar of Trog.
  1710 | D:3      | Noticed Jessica
  1772 | D:3      | Killed Jessica
  1947 | D:3      | Reached XP level 5. HP: 36/40 MP: 0/0
  1947 | D:3      | Learned a level 2 spell: Poisonous Vapours
  2974 | D:4      | Noticed an ice beast
  2981 | D:4      | Slain by an ice beast

Illustrated notes

Levels and vault maps discovered:
D:1:      evilmike_arrival_crescent, layout_basic, serial_shops, shop,
          chequers_ecumenical_altar_simple_redux, minmay_misc_feat_secret_circle
D:2:      layout_loops_ring, serial_shops, nicolae_shop_trees,
          nicolae_shop_stone, nicolae_shop_statue_plus, basic_altar
D:3:      layout_loops_cross, amcnicky_altar_gilded, minmay_diced_spiral,
          uniq_jessica
D:4:      layout_loops_corners

Skill      XL: |  1  2  3  4  5 |
---------------+----------------+-----
Fighting       | 1 2 3 |  3.2
Spellcasting   | 3 |  3.5
Dodging        | |  2.1
Stealth        | |  1.5

Action                   |  1- 3 |  4- 6 || total
-------------------------+-------+-------++-------
Melee: Dagger            |       |    20 ||    20
 Cast: Foxfire           |    61 |    62 ||   123
       Scorch            |     5 |     6 ||    11
       Poisonous Vapours |       |     5 ||     5
  Use: Scroll            |     5 |     3 ||     8
 Stab: Sleeping          |       |     2 ||     2
Armor: Robe              |     3 |     7 ||    10
Dodge: Dodged            |     5 |    13 ||    18

Table legend: (Time is in decaauts)
 A = Elapsed time spent in this place.
 B = Non-inter-level travel time spent in this place.
 C = Inter-level travel time spent in this place.
 D = Time resting spent in this place.
 E = Time spent auto-exploring this place.
 F = Levels seen in this place.
 G = Mean time per level.
                   A        B        C        D        E       F      G
               +--------+--------+--------+--------+--------+-----+--------+
         Total |   2979 |   2899 |     80 |    104 |   2305 |   4 |  744.8 |
       Dungeon |   2979 |   2899 |     80 |    104 |   2305 |   4 |  744.8 |
               +--------+--------+--------+--------+--------+-----+--------+

Top non-repeatable levels by time:
     D:3: 999 daAuts
     D:2: 891 daAuts
     D:1: 738 daAuts
     D:4: 349 daAuts
